 Dungeon Crawl Stone Soup version 0.29.1-15-g9cfb28693d (webtiles) character file.

Game seed: 13147654709952841398

81 Mickster the Chopper (level 4, -1/41 HPs)
             Began as a Hill Orc Berserker on Mar 6, 2023.
             Was a Believer of Trog.
             Slain by a bullfrog (2 damage)
             ... on level 3 of the Dungeon.
             The game lasted 00:19:48 (2165 turns).

Mickster the Chopper (Hill Orc Berserker)           Turns: 2165, Time: 00:19:48

Health: -1/41      AC:  6    Str: 21    XL:     4   Next: 42%
Magic:  4/4        EV: 10    Int:  7    God:    Trog [**....]
Gold:   58         SH:  0    Dex: 10    Spells: 3/3 levels left

rFire   . . .      SeeInvis .   i - +1 short sword (elec)
rCold   . . .      Faith    .   (no shield)
rNeg    . . .      Spirit   .   h - +0 scale mail
rPois   .          Reflect  .   (no helmet)
rElec   .          Harm     .   (no cloak)
rCorr   .          Rampage  .   (no gloves)
Will    .....                   (no boots)
Stlth   ..........              (no amulet)
HPRegen 0.13/turn               (no ring)
MPRegen 0.09/turn               (no ring)

@: very slow
A: no striking features
a: Renounce Religion, Berserk, Trog's Hand


You were on level 3 of the Dungeon.
You worshipped Trog.
Trog was pleased with you.
You visited 1 branch of the dungeon, and saw 3 of its levels.

You collected 58 gold pieces.

Inventory:

Hand Weapons
 a - a +0 hand axe
 e - a +0 war axe
 i - a +1 short sword of electrocution (weapon)
Missiles
 b - 25 stones (quivered)
Armour
 c - a +0 ring mail
 g - a +0 leather armour
 h - a +0 scale mail (worn)
Scrolls
 d - a scroll of identify
Potions
 f - a potion of berserk rage


   Skills:
 + Level 4.3 Fighting
 * Level 0.7 Short Blades
 - Level 5.2 Axes
 + Level 2.9 Armour
 + Level 1.9 Dodging


You had 3 spell levels left.
You didn't know any spells.
Your spell library was empty.

Dungeon Overview and Level Annotations

Branches:
Dungeon (3/15)

Altars:


Message History

You enter the shallow water.
Moving in this stuff is going to be slow.
There is a faded altar of an unknown god here.
You enter the shallow water.
Moving in this stuff is going to be slow.
You enter the shallow water.
Moving in this stuff is going to be slow.
You enter the shallow water.
Moving in this stuff is going to be slow.
You enter the shallow water.
Moving in this stuff is going to be slow.
A bullfrog comes into view.
The bullfrog gives a loud, deep croak!
The bullfrog barely misses you. x2; The bullfrog hits you.
The bullfrog hits you. The bullfrog hits you.
The bullfrog hits you but does no damage.
Your unstable footing causes you to fumble your attack.
The bullfrog hits you. x2
You closely miss the bullfrog. The bullfrog hits you.
You hit the bullfrog.
The bullfrog is lightly wounded.
The bullfrog hits you. x2
* * * LOW HITPOINT WARNING * * *
You hit the bullfrog.
The bullfrog is moderately wounded.
The bullfrog hits you.
* * * LOW HITPOINT WARNING * * *
The bullfrog barely misses you.
Your unstable footing causes you to fumble your attack.
The bullfrog misses you.
You hit the bullfrog. Lightning courses through the bullfrog!
The bullfrog is almost dead.
The bullfrog misses you. The bullfrog hits you.
* * * LOW HITPOINT WARNING * * *
Your unstable footing causes you to fumble your attack.
The bullfrog hits you!
* * * LOW HITPOINT WARNING * * *
The bullfrog hits you.
You die...

.. # # ## #.... ..#
### ##### ### .....
#####...# ########
####~F@.~..# .
..####...~####~.#...
# #.#....~.~#.8~....#
# #.#.#~~#~~#~~#.##.#
# ####.#.#.##~~.~##.#
# #......#~#~.~..~.~#
###.##.#.#~'~~.~~#.~#
#......#.#~'~~~._#.~#
#.###.....~'.~.~~#
~.#


You could see a bullfrog.

Vanquished Creatures
  2 adders (D:2)
  A worm (D:3)
  3 dart slugs
  3 ball pythons
  2 bats
  3 endoplasms
  2 giant cockroaches
  7 goblins
  5 hobgoblins
  4 jackals (D:2)
  3 kobolds
  2 quokkas (D:2)
  9 frilled lizards
  5 rats
  A spectral goblin (D:3)
52 creatures vanquished.

Notes
Turn   | Place    | Note
-------+----------+-------------------------------------------
     0 | D:1      | Mickster the Hill Orc Berserker began the quest for the
                  | Orb.
     0 | D:1      | Reached XP level 1. HP: 19/19 MP: 1/1
    96 | D:1      | Reached XP level 2. HP: 24/27 MP: 2/2
   584 | D:1      | Reached ** piety under Trog
   681 | D:1      | Reached XP level 3. HP: 33/33 MP: 3/3
  1334 | D:2      | Reached skill level 5 in Axes
  1334 | D:2      | Reached XP level 4. HP: 39/40 MP: 4/4
  2126 | D:3      | Found a faded altar of an unknown god.
  2154 | D:3      | Noticed a bullfrog
  2165 | D:3      | HP: 1/41 [bullfrog (7)]
  2165 | D:3      | Slain by a bullfrog

Illustrated notes

Levels and vault maps discovered:
D:1:      ncdulo_watergridlock, layout_basic, chequers_arboretum
D:2:      layout_rooms
D:3:      layout_loops_corners, mainiacjoe_overflow_cross_hatched,
          nicolae_kikubaaqudgha_miasma_corner,
          dreamdust_ecumenical_altar_drowned_temple, amcnicky_mini_pool_small

Skill      XL: |  1  2  3 |
---------------+----------+-----
Fighting       | 4 |  4.3
Axes           | 5 |  5.2
Short Blades   | |  0.7
Armour         | |  2.9
Dodging        | |  1.9

Action                   |  1- 3 |  4- 6 || total
-------------------------+-------+-------++-------
Melee: Hand axe          |    84 |       ||    84
       War axe           |    17 |     5 ||    22
       Short sword       |       |    62 ||    62
       Punch             |       |     1 ||     1
  Use: Scroll            |     1 |     2 ||     3
       Potion            |     4 |     1 ||     5
Armor: Ring mail         |    22 |     6 ||    28
       Scale mail        |       |    17 ||    17
Dodge: Dodged            |    64 |    35 ||    99
